AoeStats
← TKG 2.0

Socotra

506232431Analyzed
4v4 RM · 21d ago on Sep 12, 2026· 53m 51s· 8 players
Game mode
Random Map
Map size
148×148
Population
200
Speed
Normal
Resources
Standard
Victory
Conquest
Starting age
Dark Age
Ending age
Imperial Age
RankedLock teamsTeams togetherTeam positionsShared explorationLock speedFull tech treeHidden civsTurbo modeCheats
Victory
Defeat
🇨🇳 Teutons · China
1109
+7
🇨🇱 Vikings · Chile
966
+12
🇹🇷 Ethiopians · Türkiye
930
+14
🇭🇰 Lithuanians · Hong Kong SAR China
859
+16
🇨🇱 Ethiopians · Chile
1576
-32
🇵🇪 Byzantines · Peru
743
-7
🇦🇷 Persians · Argentina
663
-5
🇦🇷 Spanish · Argentina
626
-5
Sadin Kopek
10:45 Feudal Age
12:43 Double-Bit Axe
13:58 Padded Archer Armor
16:24 Fletching
26:27 Castle Age
24:29 Horse Collar
26:08 Gold Mining
26:38 Crossbowman
27:24 Thumb Ring
26:58 Elite Skirmisher
28:41 Bodkin Arrow
29:47 Leather Archer Armor
33:01 Wheelbarrow
32:12 Town Watch
33:49 Gold Shaft Mining
34:51 Bow Saw
36:37 Stone Mining
36:42 Loom
44:49 Imperial Age
44:52 Arbalester
48:38 Chemistry
48:10 Bracer
51:52 Ring Archer Armor
TKG 2.0
11:52 Loom
17:35 Feudal Age
18:24 Double-Bit Axe
18:38 Town Watch
22:46 Fletching
24:45 Padded Archer Armor
30:15 Castle Age
29:05 Man-at-Arms
29:31 Arson
30:27 Forging
30:18 Scale Mail Armor
30:32 Long Swordsman
30:58 Gambesons
31:33 Elite Skirmisher
34:46 Pikeman
41:16 Gold Mining
46:44 Imperial Age
47:26 Iron Casting
47:08 Chain Mail Armor
47:10 Capped Ram
47:25 Two-Handed Swordsman
48:46 Siege Ram
50:57 Champion
51:19 Spies/Treason
53:19 Squires
hqitbkv
0:30 Loom
13:15 Feudal Age
17:37 Castle Age
16:35 Gold Mining
18:58 Scale Barding Armor
22:58 Double-Bit Axe
24:13 Bloodlines
27:11 Horse Collar
27:54 Herbal Medicine
29:15 Forging
31:22 Heavy Plow
31:17 Stone Mining
34:50 Imperial Age
32:52 Husbandry
33:54 Iron Casting
35:46 Stone Shaft Mining
35:53 Wheelbarrow
35:45 Guilds
35:23 Cavalier
37:36 Chain Barding Armor
37:53 Hand Cart
37:41 Paladin
39:20 Plate Barding Armor
41:16 Conscription
41:40 Caravan
43:44 Crop Rotation
43:28 Bow Saw
44:17 Coinage
47:40 Treadmill Crane
49:12 Chemistry
52:13 Spies/Treason
路一司
7:49 Loom
12:26 Feudal Age
20:17 Double-Bit Axe
20:14 Horse Collar
20:56 Gold Mining
26:45 Castle Age
25:31 Scale Barding Armor
25:44 Bloodlines
27:00 Forging
31:08 Iron Casting
30:54 Chain Barding Armor
31:39 Town Watch
32:30 Wheelbarrow
32:03 Scale Mail Armor
32:36 Squires
32:10 Man-at-Arms
32:35 Gambesons
34:35 Bow Saw
34:26 Heavy Plow
35:49 Long Swordsman
37:03 Hand Cart
36:49 Town Patrol
36:50 Fletching
43:19 Imperial Age
42:19 Ballistics
42:50 Stone Mining
43:04 Bodkin Arrow
44:10 Stone Shaft Mining
44:35 Conscription
45:55 Crenellations
45:39 Cavalier
47:08 Caravan
48:56 Elite Teutonic Knight
50:01 Chain Mail Armor
51:20 Paladin
51:44 Capped Ram
DK
12:06 Feudal Age
20:27 Castle Age
18:59 Fletching
20:19 Double-Bit Axe
24:39 Loom
25:47 Pikeman
26:27 Squires
28:34 Squires
29:23 Bodkin Arrow
32:07 Horse Collar
33:20 Wheelbarrow
35:17 Elite Skirmisher
37:10 Ballistics
37:02 Careening
39:38 Scale Mail Armor
42:12 Imperial Age
40:43 Chain Mail Armor
41:10 Forging
41:06 Padded Archer Armor
41:08 Murder Holes
42:16 Bow Saw
42:32 Leather Archer Armor
42:47 Forging
43:08 Bracer
42:36 Halberdier
44:00 Ring Archer Armor
43:27 Capped Ram
45:02 Plate Mail Armor
45:57 Hand Cart
45:22 Siege Ram
46:51 Forging
48:29 Iron Casting
49:45 Chemistry
AiM | PoRRo
3:57 Loom
9:15 Feudal Age
12:18 Fletching
19:36 Wheelbarrow
21:07 Padded Archer Armor
24:26 Castle Age
24:44 Gold Mining
24:43 Double-Bit Axe
24:30 Crossbowman
26:04 Bodkin Arrow
29:44 Ballistics
33:40 Thumb Ring
45:33 Imperial Age
44:48 Bow Saw
Rayo
10:09 Feudal Age
9:43 Loom
12:13 Double-Bit Axe
15:40 Wheelbarrow
17:22 Man-at-Arms
20:24 Arson
20:35 Horse Collar
31:31 Castle Age
37:33 Pikeman
39:40 Bow Saw
39:48 Hand Cart
40:46 Crossbowman
42:09 Heavy Plow
joaquin5476
1:55 Loom
12:36 Feudal Age
13:48 Man-at-Arms
24:07 Double-Bit Axe
24:28 Horse Collar
29:26 Castle Age
29:34 Pikeman
31:14 Squires
32:06 Bow Saw
32:29 Heavy Plow
36:20 Wheelbarrow
35:20 Elite Skirmisher
40:03 Caravan
43:39 Imperial Age
41:55 Padded Archer Armor
46:39 Chemistry
49:43 Halberdier
Connection lost

Rejoining the realm…

Still unreachable

The connection could not be restored.

Session expired

The server has moved on; the page needs a fresh start.